 Dungeon Crawl Stone Soup version 0.28.0-45-g0d030f2227 (webtiles) character file.

Game seed: 3139391491485429994

158 NinjaNoafa the Skirmisher (level 5, -2/47 HPs)
             Began as a Hill Orc Fighter on Apr 4, 2022.
             Was a Follower of Okawaru.
             Killed by divine providence
             ... invoked by an orc priest
              (12 damage)
             ... on level 4 of the Dungeon.
             The game lasted 00:08:27 (2089 turns).

NinjaNoafa the Skirmisher (Hill Orc Fighter)        Turns: 2089, Time: 00:08:28

Health: -2/47      AC:  7    Str: 21    XL:     5   Next: 40%
Magic:  6/6        EV:  9    Int:  8    God:    Okawaru [*.....]
Gold:   151        SH:  0    Dex: 10    Spells: 4/4 levels left

rFire   . . .      SeeInvis +   r - +1 flail (protect)
rCold   . . .      Faith    .   q - orb {*Rage}
rNeg    . . .      Spirit   .   b - +0 scale mail
rPois   .          Reflect  .   (no helmet)
rElec   .          Harm     .   (no cloak)
rCorr   .          Rampage  .   (no gloves)
Will    .....      Rage     20% (no boots)
Stlth   ..........              (no amulet)
HPRegen 0.15/turn               i - ring of see invisible
MPRegen 0.10/turn               (no ring)

@: confused
A: no striking features
a: Renounce Religion, Convert to Beogh, Heroism


You were on level 4 of the Dungeon.
You worshipped Okawaru.
Okawaru was aware of your devotion.
You visited 1 branch of the dungeon, and saw 4 of its levels.

You collected 151 gold pieces.

Inventory:

Hand Weapons
 a - a +0 war axe
 r - a +1 flail of protection (weapon)
Missiles
 g - 50 stones
 m - 4 datura-tipped darts (quivered)
Armour
 b - a +0 scale mail (worn)
 c - a +0 buckler
 q - an orb of wrath (worn)
Jewellery
 i - a ring of see invisible (left hand)
Wands
 p - a wand of digging (4)
Scrolls
 s - a scroll of noise
Potions
 d - a potion of might
 e - a potion of attraction
 h - a potion of cancellation
 k - a potion of ambrosia {unknown}
 n - a potion of curing {unknown}
 o - a potion of flight {unknown}


   Skills:
 + Level 4.6 Fighting
 - Level 3.9(4.0) Axes
 * Level 0.3(2.0) Maces & Flails
 + Level 4.2 Armour
 + Level 4.2 Shields
 + Level 1.8 Invocations


You had 4 spell levels left.
You didn't know any spells.
Your spell library was empty.

Dungeon Overview and Level Annotations

Branches:
Dungeon (4/15)
 Temple: D:4-7

Altars:
Okawaru

Annotations:
D:3 Sigmund


Message History

Press ? for a list of commands and other information.
Sigmund's eyes start glowing with a red light.
Throw: 5 darts (datura)
Press: ? - help, Q - select action, (/) - cycle Shift-Dir - straight line, f - Sigmund
Aim: Sigmund, wielding a +0 scythe and wearing a +0 robe (53% to hit, chance to frenzy on hit: 75%)
You throw a datura-tipped dart. The datura-tipped dart hits Sigmund.
Sigmund flies into a frenzy!
Sigmund hits you but does no damage. Sigmund hits you with a +0 scythe!
Sigmund hits you from afar with a +0 scythe!
Sigmund hits you but does no damage.
Sigmund shouts!
Sigmund closely misses you. Sigmund hits you but does no damage.
You see here a frilled lizard corpse.
Sigmund hits you but does no damage.
Sigmund shouts!
Sigmund shouts!
Sigmund hits you from afar with a +0 scythe.
Sigmund hits you from afar with a +0 scythe!
* * * LOW HITPOINT WARNING * * *
Sigmund hits you but does no damage.
Sigmund is no longer moving quickly.
Sigmund no longer looks unusually strong.
Sigmund is no longer in an insane frenzy.
Sigmund points at you and mumbles some strange words.
You are confused.
There is a stone staircase leading down here.
You climb downwards.
The orc priest shouts, "Surrender to Beogh and we'll let you live!" (press Y on the ability menu to convert to Beogh)
The orc priest shouts!
Found a short sword.
Found a stone staircase leading down.
There is a stone staircase leading up here.
There are monsters nearby!
You are too confused!
Found 8 gold pieces.
The orc priest mumbles some strange prayers to Beogh against you.
Beogh smites you!
You die...

## #.#
#######.#
#....).#
#...>.##
#......##
#.<..r..#.
#.@......#
#.........
#.......##
......###
o#####...
#. ..## #
..# $.


You could see an orc priest and a quokka.

Vanquished Creatures
  Jessica (D:2)
  8 adders
  2 worms
  3 orcs (D:3)
  5 ball pythons
  5 endoplasms
  3 giant cockroaches
  4 hobgoblins
  3 quokkas
  4 bats (D:1)
  2 frilled lizards
  4 goblins
  4 kobolds
  4 rats
52 creatures vanquished.

Notes
Turn   | Place    | Note
-------+----------+-------------------------------------------
     0 | D:1      | NinjaNoafa the Hill Orc Fighter began the quest for the
                  | Orb.
     0 | D:1      | Reached XP level 1. HP: 19/19 MP: 1/1
   196 | D:1      | Found a faded altar of an unknown god.
   210 | D:1      | Prayed at the altar of an unknown god.
   210 | D:1      | Became a worshipper of Warmaster Okawaru
   210 | D:1      | Reached * piety under Okawaru
   220 | D:1      | Reached XP level 2. HP: 27/27 MP: 2/2
   980 | D:2      | Reached XP level 3. HP: 31/33 MP: 3/3
  1077 | D:2      | Reached skill level 1 in Invocations
  1149 | D:2      | Noticed Jessica
  1160 | D:2      | Killed Jessica
  1161 | D:2      | Reached XP level 4. HP: 31/40 MP: 4/4
  1511 | D:2      | Reached XP level 5. HP: 47/47 MP: 6/6
  2021 | D:3      | Noticed Sigmund
  2089 | D:4      | Killed from afar by an orc priest

Illustrated notes

Levels and vault maps discovered:
D:1:      lemuel_arrival_lava_pool, layout_loops_corners,
          ebering_ecumenical_altar_box
D:2:      layout_rooms, st_stairs_10, grunt_decor_resistance, uniq_jessica
D:3:      layout_rooms, uniq_sigmund
D:4:      layout_loops_cross, minmay_shop_grid_forest, minmay_manual_moon

Skill      XL: |  1  2  3  4 |
---------------+-------------+-----
Axes           | 3 |  3.9
Fighting       | 4 |  4.6
Invocations    | 1 |  1.8
Armour         | 4 |  4.2
Shields        | 4 |  4.2
Maces & Flails | |  0.3

Action                   |  1- 3 |  4- 6 || total
-------------------------+-------+-------++-------
Melee: War axe           |    65 |    43 ||   108
       Flail             |       |    16 ||    16
Throw: Dart              |       |     1 ||     1
  Use: Scroll            |       |     6 ||     6
Armor: Scale mail        |    33 |    46 ||    79
Dodge: Dodged            |    42 |    30 ||    72
Block: Buckler           |    26 |       ||    26
